 Dungeon Crawl Stone Soup version 0.20-a0-839-gdaf5c57 (webtiles) character file.

145 dvd the Insei (level 5, -5/33 HPs)
             Began as an Octopode Transmuter on Mar 8, 2017.
             Was an Initiate of Cheibriados.
             Slain by an ogre
             ... wielding a +0 giant spiked club
              (28 damage)
             ... on level 3 of the Dungeon.
             The game lasted 00:05:54 (2968 turns).

dvd the Insei (Octopode Transmuter)                 Turns: 2968, Time: 00:05:55

Health: -5/33      AC:  1    Str: 12    XL:     5   Next: 27%
Magic:  5/8        EV: 13    Int: 16    God:    Cheibriados [......]
Gold:   78         SH:  0    Dex: 13    Spells: 5/9 levels left

rFire    . . .     SeeInvis .   d - -1 whip (curse)
rCold    . . .     Gourm    .   (no shield)
rNeg     . . .     Faith    .   (helmet restricted)
rPois    .         Spirit   .   (no amulet)
rElec    .         Reflect  .   (no ring)
rCorr    .         Harm     .   (no ring)
MR       .....                  (no ring)
Stlth    +++.......             (no ring)
Regen    0.2/turn               (no ring)
MPRegen  0.2/turn               (no ring)
                                (no ring)
                                (no ring)

@: appendage (expiring), very slightly contaminated, very slow
A: almost no armour, stealthy swim, amphibious, 8 rings, constrict 8, tentacle
spike 3, camouflage 1, gelatinous body 1
a: End Transformation, Bend Time, Renounce Religion


You were on level 3 of the Dungeon.
You worshipped Cheibriados.
Cheibriados was noncommittal.
You were not hungry.
One of your tentacles had a temporary spike.
You visited 1 branch of the dungeon, and saw 3 of its levels.

You collected 78 gold pieces.

Inventory:

Hand Weapons
 d - a cursed -1 whip (weapon)
 e - a +2 vampiric short sword
Missiles
 a - 33 arrows
 f - 6 javelins (quivered)
Magical Staves
 h - an uncursed staff of fire {unknown}
Scrolls
 g - 2 scrolls of identify
 j - a scroll of blinking {unknown}
 k - 2 scrolls of fog
Potions
 l - a potion of cancellation
Books
 b - a book of Changes

   Spells                             Type                      Level
   a - Beastly Appendage              Transmutation                1
   b - Sticks to Snakes               Transmutation                2
   c - Spider Form                    Transmutation/Poison         3
   d - Ice Form                       Ice/Transmutation            4
   e - Blade Hands                    Transmutation                5
Comestibles
 c - 3 bread rations
 i - 2 fruits


   Skills:
 + Level 1.6 Fighting
 + Level 1.4 Maces & Flails
 + Level 2.3 Dodging
 + Level 2.7 Stealth
 + Level 3.5 Unarmed Combat
 + Level 2.5 Spellcasting
 + Level 3.0 Transmutations
 + Level 0.2 Poison Magic


You had 5 spell levels left.
You knew the following spells:

 Your Spells              Type           Power        Failure   Level  Hunger
a - Beastly Appendage     Tmut           ##....       8%          1    #......
b - Spider Form           Tmut/Pois      #.........   34%         3    ###....


Dungeon Overview and Level Annotations

Branches:
Dungeon (3/15)

Altars:
Cheibriados
Yredelemnul

Annotations:
D:2 1 runed door


Innate Abilities, Weirdness & Mutations

You cannot wear most types of armour.
You are very stealthy in the water. (Stealth+)
You are amphibious.
You can wear up to eight rings at the same time.
You can use your tentacles to constrict eight enemies at once.
Your skin changes colour to match your surroundings (Stealth+).
Your rubbery body absorbs attacks. (AC +1, EV +1)
One of your tentacles bears a large vicious spike.


Message History

The bat closely misses you. The kobold hits you with a dagger.
An ogre comes into view. It is wielding a giant spiked club.
You barely miss the kobold. Your squeeze misses the kobold.
You constrict the kobold. The bat hits you.
The kobold hits you but does no damage.
You hit the kobold.
The kobold is heavily wounded.
Your transformation is almost over.
You constrict the kobold. The bat hits you. The kobold hits you with a dagger.
Casting: Beastly Appendage
Confirm with . or Enter, or press ? or * to list all spells.
You miscast Spider Form.
You are very lightly contaminated with residual magic.
Strange energies run through your body.
You constrict the kobold.
You kill the kobold!
Cheibriados appreciates the change of pace.
The bat hits you but does no damage. The bat closely misses you.
The ogre hits you with a giant spiked club!!
Ouch! That really hurt!
You die...

#.......÷.......
#.........#.....
####.........#.....
.........#####.....
###.(......##.....
#..........####...
#.##.......####...
#.##.##..........).##
#..O@##.......#.#.##
##.)#b............#
#...#.........÷...#
#.#$............#.#
#.....###...##..#.##
#...#.###..(.#.....##
.......)..............
###..#..............<.
#. #.##.............


You could see an ogre and a bat.

Vanquished Creatures
  A hound (D:3)
  A human zombie (D:2)
  3 adders
  3 worms (D:2)
  2 leopard geckos
  An orc (D:3)
  9 bats
  4 giant cockroaches
  A hobgoblin (D:3)
  4 frilled lizards
  8 goblins
  A goblin skeleton (D:2)
  A jackal zombie (D:2)
  7 kobolds
  8 rats
54 creatures vanquished.

Notes
Turn   | Place    | Note
-------+----------+-------------------------------------------
     0 | D:1      | dvd the Octopode Transmuter began the quest for the Orb.
     0 | D:1      | Reached XP level 1. HP: 13/13 MP: 3/3
   123 | D:1      | Reached XP level 2. HP: 13/18 MP: 1/5
   863 | D:2      | Found a runed door.
   863 | D:2      | Noticed a human
   865 | D:2      | Found a basalt altar of Yredelemnul.
   870 | D:2      | Reached XP level 3. HP: 23/23 MP: 6/6
   880 | D:2      | Reached skill level 1 in Stealth
   890 | D:2      | Reached skill level 1 in Maces & Flails
  1200 | D:2      | Reached XP level 4. HP: 8/28 MP: 5/7
  1499 | D:2      | Learned a level 3 spell: Spider Form
  2278 | D:2      | Found a snail-covered altar of Cheibriados.
  2284 | D:2      | Became a worshipper of Cheibriados the Contemplative
  2601 | D:3      | Reached XP level 5. HP: 21/33 MP: 4/8
  2966 | D:3      | Noticed an ogre
  2968 | D:3      | Slain by an ogre

Vault maps used:
D:1:      minmay_arrival_hallway
D:2:      lemuel_round_altar, serial_corexii_hall, corexii_hall_statues_i,
          corexii_hall_statues_s, corexii_hall_statues_x, dk_yredelemnul_ordeal
D:3:      first_bread

Skill      XL: |  1  2  3  4  5 |
---------------+----------------+-----
Stealth        | 2 |  2.7
Maces & Flails | 1 |  1.4
Transmutations | 3 |  3.0
Fighting       | |  1.6
Dodging        | |  2.3
Unarmed Combat | |  3.5
Spellcasting   | |  2.5
Poison Magic   | |  0.2

Action                   |  1- 3 |  4- 6 || total
-------------------------+-------+-------++-------
Melee: Whip              |    71 |    41 ||   112
       Unarmed           |     6 |    42 ||    48
       Constrict         |    21 |    13 ||    34
       Kick              |     8 |     3 ||    11
       Tentacles         |    10 |     6 ||    16
       Punch             |     1 |       ||     1
 Cast: Beastly Appendage |    11 |     5 ||    16
       Spider Form       |       |    10 ||    10
  Use: Scroll            |       |     2 ||     2
 Stab: Sleeping          |     2 |     3 ||     5
  Eat: Chunk             |     1 |     8 ||     9
Armor: Skin              |    16 |    12 ||    28
Dodge: Dodged            |    47 |    80 ||   127
